 Dungeon Crawl Stone Soup version 0.19-a0-872-g3103843 (webtiles) character file.

106 rageheart7 the Slasher (level 4, -2/40 HPs)
             Began as a Draconian Chaos Knight on July 4, 2016.
             Slain by Robin
             ... wielding a +0 dagger
              (3 damage)
             ... on level 2 of the Dungeon.
             The game lasted 00:04:20 (1713 turns).

rageheart7 the Slasher (Draconian Chaos Knight)     Turns: 1713, Time: 00:04:21

Health: -2/40      AC:  5    Str: 16    XL:     4   Next: 55%
Magic:  4/4        EV: 12    Int: 12    God:    Xom [....*.]
Gold:   115        SH:  0    Dex: 10    Spells: 0 memorised, 3 levels left

rFire  + . .     SeeInvis .     a - +0 falchion (chaos)
rCold  . . .     Gourm    .     (armour unavailable)
rNeg   . . .     Faith    .     (no shield)
rPois  .         Spirit   .     (helmet restricted)
rElec  .         Dismiss  .     (no cloak)
rCorr  .         Reflect  .     (no gloves)
SustAt .         Harm     .     (no boots)
MR     .....                    (no amulet)
Stlth  ++........               d - ring of stealth
                                l - ring of protection from fire

@: not resistant to hostile enchantments, unstealthy
A: unfitting armour, cold-blooded, AC +5
a: Renounce Religion


You were on level 2 of the Dungeon.
You worshipped Xom.
You were a beloved toy of Xom.
You were not hungry.

You visited 1 branch of the dungeon, and saw 2 of its levels.

You collected 115 gold pieces.

Inventory:

Hand Weapons
 a - a +0 falchion of chaos (weapon)
Jewellery
 d - a ring of stealth (right hand)
 k - an uncursed ring of fire
 l - a ring of protection from fire (left hand)
Scrolls
 c - a scroll of enchant weapon {unknown}
 f - 2 scrolls of remove curse {unknown}
 i - 3 scrolls of fog {unknown}
 j - 2 scrolls of immolation {unknown}
 p - 2 scrolls of noise {unknown}
Potions
 e - a potion of lignification {unknown}
 g - a potion of resistance {unknown}
 h - a potion of ambrosia {unknown}
Comestibles
 b - a bread ration
 m - a fruit
 o - a meat ration


   Skills:
 + Level 4.1 Fighting
 * Level 4.8 Long Blades
 - Level 2.1 Dodging


You had 3 spell levels left.
You didn't know any spells.

Dungeon Overview and Level Annotations

Branches:
Dungeon (2/15)

Altars:
Xom

Annotations:
D:2 Robin


Innate Abilities, Weirdness & Mutations

Your plain brown scales are hard. (AC +5)
Your body does not fit into most forms of armour.
You are cold-blooded and may be slowed by cold attacks.


Message History

The goblin completely misses you.
You riposte.
You hit the goblin.
You kill the goblin!
Okay, then.
You hit the goblin.
You kill the goblin!
Robin hits you with a dagger.
* * * LOW HITPOINT WARNING * * *
The goblin shoots a stone.
The stone hits you.
* * * LOW HITPOINT WARNING * * *
The goblin unwields an uncursed hunting sling.
The goblin wields an uncursed dagger.
The goblin hits you but does no damage. Robin barely misses you.
Things that are here:
a dagger; a stone You hit the goblin.
You freeze the goblin.
You kill the goblin!
Robin hits you with a dagger.
* * * LOW HITPOINT WARNING * * *
Robin hits you with a dagger.
You die...

.......................<.........
.........#########...############
.........# ##........# .........#
#........# .........# #........#
.........##########.......g######
.#........................gg.Z...
#####>..........###........######
####.....#..@g(..##..........
#.........)#<.##.#########
#..........##.##.#........
######...........#.#######
#.............#######
#.#.####.######......
#.#...........#......
######.##.###.####.#......
#......##.# #.# #.#......


You could see Robin (berserk).

Vanquished Creatures
  Natasha (twice) (D:2)
  An adder (D:2)
  2 dart slugs (D:2)
  2 giant geckos
  5 hobgoblins
  7 kobolds (D:1)
  3 bats (D:2)
  3 giant newts (D:2)
  14 goblins
  3 rats
42 creatures vanquished.

Notes
Turn   | Place    | Note
-------+----------+-------------------------------------------
     0 | D:1      | rageheart7 the Draconian Chaos Knight began the quest for the Orb.
     0 | D:1      | Reached XP level 1. HP: 19/19 MP: 1/1
   102 | D:1      | XOM: potion effect (agility)
   129 | D:1      | XOM: summons 4 hostile shadow creatures
   229 | D:1      | Reached XP level 2. HP: 25/26 MP: 2/2
   342 | D:1      | XOM: silly message
   912 | D:2      | Noticed Natasha
   917 | D:2      | Killed Natasha
   917 | D:2      | Reached XP level 3. HP: 31/33 MP: 3/3
   986 | D:2      | XOM: mild Pois miscast
  1120 | D:2      | Noticed Robin
  1141 | D:2      | XOM: scenery: create altars
  1367 | D:2      | Noticed Natasha
  1373 | D:2      | Killed Natasha
  1373 | D:2      | Reached XP level 4. HP: 36/40 MP: 4/4
  1553 | D:2      | XOM: 1-stop teleportation journey
  1712 | D:2      | HP: 1/40 [Robin/dagger (4)]
  1713 | D:2      | Slain by Robin

Vault maps used:
D:1:      matt_arrival_spirals
D:2:      uniq_robin, uniq_natasha

Skill      XL: |  1  2  3 |
---------------+----------+-----
Long Blades    | 4 |  4.8
Fighting       | 4 |  4.1
Dodging        | |  2.1

Action                   |  1- 3 |  4- 6 || total
-------------------------+-------+-------++-------
Melee: Falchion          |    95 |    45 ||   140
       Tailslap          |     9 |     2 ||    11
 Stab: Sleeping          |     3 |     2 ||     5
  Eat: Chunk             |     1 |     1 ||     2
       Fruit             |     1 |       ||     1
Armor: Skin              |    14 |    12 ||    26
Dodge: Dodged            |    57 |    22 ||    79
